 Dungeon Crawl Stone Soup version 0.28.0-49-g6dfe1f597d (webtiles) character file.

Game seed: 13545304709837787022

218581 Gabide the Fencer (level 19, -14/153 HPs)
             Began as a Barachi Delver on May 18, 2022.
             Was an Elder of Sif Muna.
             Killed from afar by a deep elf knight (39 damage)
             ... with a shard of ice
             ... on level 1 of the Elven Halls on May 19, 2022.
             The game lasted 03:14:14 (56172 turns).

Gabide the Fencer (Barachi Delver)                 Turns: 56172, Time: 03:14:14

Health: -14/153    AC: 31    Str: 21    XL:     19   Next: 12%
Magic:  33/33      EV:  8    Int: 12    God:    Sif Muna [****..]
Gold:   996        SH: 20    Dex: 15    Spells: 38/38 levels left

rFire   + + .      SeeInvis +   X - +10 rapier of Chagrin {vamp, rF+ SInv}
rCold   . . .      Faith    .   m - +0 tower shield
rNeg    . . .      Spirit   .   D - +2 plate armour {rPois}
rPois   +          Reflect  .   k - +2 hat {Stlth+}
rElec   .          Harm     .   e - +0 cloak
rCorr   .          Rampage  .   I - +0 pair of gloves
Will    +....                   q - +2 pair of boots
Stlth   ..........              Q - amulet of the acrobat
HPRegen 0.35/turn               F - ring of Sovereignty {rF+ Str+2}
MPRegen 0.23/turn               T - +4 ring of protection

@: unable to hop, slowed, very slow
A: amphibious, slowness 1, strong legs 2, +LOS
}: 1/15 runes: decaying
a: Hop, Renounce Religion, Channel Magic, Forget Spell, Divine Exegesis


You were on level 1 of the Elven Halls.
You worshipped Sif Muna.
Sif Muna was greatly pleased with you.
You visited 6 branches of the dungeon, and saw 29 of its levels.
You also visited: Ossuary.

You collected 3965 gold pieces.
You spent 2969 gold pieces at shops.

Inventory:

Hand Weapons
 a - a +2 double sword of electrocution
 b - the +6 rapier of Gozag's Felicitations {chaos, Will+}
   (You took it off a kobold brigand on level 6 of the Dungeon)

   Each time it hits an enemy it has a different, random effect.
   Will:      It increases your willpower.
 A - a +1 vampiric demon blade
 K - a +0 scimitar of flaming
 X - the +10 rapier of Chagrin (weapon) {vamp, rF+ SInv}
   (You found it on level 14 of the Dungeon)

   It occasionally heals its wielder for a portion of the damage dealt when it
   wounds a living foe.
   rF:        It protects you from fire.
   SInv:      It lets you see invisible.
Missiles
 l - a throwing net
 M - 2 javelins (quivered)
Armour
 e - a +0 cloak (worn)
 f - a +3 chain mail of poison resistance
 k - a +2 hat of stealth (worn)
 m - a +0 tower shield (worn)
 q - a +2 pair of boots (worn)
 D - a +2 plate armour of poison resistance (worn)
 I - a +0 pair of gloves (worn)
Jewellery
 i - a +4 ring of slaying
 p - a ring of poison resistance
 w - a ring of ice
 x - an amulet of magic regeneration
 y - a ring of magical power
 F - the ring of Sovereignty (left hand) {rF+ Str+2}
   (You found it on level 1 of the Swamp)

   [ring of protection from fire]

   Str:       It affects your strength (+2).
   rF:        It protects you from fire.
 Q - an amulet of the acrobat (around neck)
 S - a ring of positive energy
 T - a +4 ring of protection (right hand)
 V - a ring of willpower
Wands
 g - a wand of digging (38)
 r - a wand of flame (41)
 u - a wand of iceblast (2)
 z - a wand of acid (1)
 C - a wand of polymorph (9)
 H - a wand of mindburst (2)
 L - a wand of charming (2)
Scrolls
 c - 6 scrolls of fog
 d - 5 scrolls of teleportation
 h - 5 scrolls of noise
 j - 12 scrolls of amnesia
 o - a scroll of blinking
 J - 3 scrolls of vulnerability
 O - 2 scrolls of holy word
 Y - 2 scrolls of fear
 Z - a scroll of silence
Potions
 n - 6 potions of mutation
 s - 6 potions of brilliance
 t - 2 potions of resistance
 v - 5 potions of attraction
 B - a potion of invisibility {unknown}
 E - 2 potions of magic
 G - a potion of flight
 N - 4 potions of curing
 P - a potion of cancellation
 R - 2 potions of haste
 W - 3 potions of lignification
Miscellaneous
 U - a condenser vane (inert)


   Skills:
 - Level 14.5 Fighting
 + Level 18.7 Long Blades
 - Level 14.5 Armour
 - Level 7.0 Dodging
 - Level 4.5 Stealth
 - Level 18.0 Shields
 - Level 10.0 Spellcasting
 - Level 14.5 Invocations


You had 38 spell levels left.
You didn't know any spells.
Your spell library contained the following spells:

 Spells                   Type           Power      Damage    Failure   Level
 Animate Skeleton         Necr           12%        N/A       98%         1
 Apportation              Tloc           12%        N/A       98%         1
 Beastly Appendage        Tmut           12%        N/A       98%         1
 Foxfire                  Conj/Fire      24%        2x1d5     98%         1
 Freeze                   Ice            24%        1d5       98%         1
 Magic Dart               Conj           24%        1d4       98%         1
 Blink                    Tloc           12%        N/A       99%         2
 Call Imp                 Summ           6%         N/A       99%         2
 Corpse Rot               Necr/Air       12%        N/A       99%         2
 Ensorcelled Hibernation  Hex/Ice        12%        N/A       99%         2
 Passwall                 Tmut/Erth      5%         N/A       99%         2
 Wereblood                Tmut           6%         N/A       99%         2
 Call Canine Familiar     Summ           6%         N/A       100%        3
 Confusing Touch          Hex            6%         N/A       100%        3
 Conjure Flame            Conj/Fire      6%         6-21      100%        3
 Dazzling Flash           Conj/Hex       12%        N/A       100%        3
 Frozen Ramparts          Ice            12%        1d3       100%        3
 Inner Flame              Hex/Fire       6%         N/A       100%        3
 Lesser Beckoning         Tloc           6%         N/A       100%        3
 Mephitic Cloud           Conj/Pois/Air  6%         N/A       100%        3
 Summon Guardian Golem    Hex/Summ       6%         N/A       100%        3
 Swiftness                Air            6%         N/A       100%        3
 Tukima's Dance           Hex            6%         N/A       100%        3
 Vampiric Draining        Necr           6%         2d6       100%        3
 Airstrike                Air            3%         N/A       100%        4
 Anguish                  Hex/Necr       3%         N/A       100%        4
 Cause Fear               Hex            3%         N/A       100%        4
 Dispel Undead            Necr           6%         3d8       100%        4
 Flame Wave               Conj/Fire      6%         2d5       100%        4
 Hailstorm                Conj/Ice       6%         3d4       100%        4
 Ice Form                 Ice/Tmut       6%         N/A       100%        4
 Iskenderun's Mystic Bla  Conj/Tloc      6%         2d4       100%        4
 Passage of Golubria      Tloc           6%         N/A       100%        4
 Summon Lightning Spire   Summ/Air       6%         N/A       100%        4
 Fireball                 Conj/Fire      3%         3d4       100%        5
 Lightning Bolt           Conj/Air       3%         1d14      100%        5
 Summon Forest            Summ/Tloc      3%         N/A       100%        5
 Yara's Violent Unravell  Hex/Tmut       3%         3d4       100%        5
 Death Channel            Necr           3%         N/A       100%        6
 Dispersal                Tloc           3%         N/A       100%        6
 Simulacrum               Ice/Necr       3%         N/A       100%        6
 Starburst                Conj/Fire      3%         6d3       100%        6
 Dragon Form              Tmut           3%         N/A       100%        7
 Enfeeble                 Hex            3%         N/A       100%        7
 Spellforged Servitor     Conj/Summ      3%         N/A       100%        7
 Ignition                 Fire           3%         3d4       100%        8
 Dragon's Call            Summ           3%         N/A       100%        9


Dungeon Overview and Level Annotations

Branches:
Dungeon (15/15)            Temple (1/1) D:4            Lair (6/6) D:8
  Swamp (4/4) Lair:2        Snake (0/4) Lair:2        Slime (0/5) Lair:6
    Orc (2/2) D:9             Elf (1/3) Orc:2        Vaults (0/5) D:13
 Depths (0/4) D:15        Ossuary (visited)

Altars:
Ashenzari
Cheibriados
Dithmenos
Elyvilon
Fedhas
Gozag
Hepliaklqana
Kikubaaqudgha
Makhleb
Nemelex Xobeh
Okawaru
Qazlal
Ru
Sif Muna
Trog
Uskayaw
Vehumet
Wu Jian
Xom
Yredelemnul
Zin
The Shining One

Shops:
D:3 *   D:5 ==*   D:6 *   D:12 [   Orc:2 (:([*:

Portals:
Trove: D:10 (give +6 fire dragon scales)

Annotations:
D:7 3 runed translucent doors, Sobaton's ghost, novice MiFi
Lair:3 exclusion: 3 oklob plants
Lair:4 3 runed translucent doors, Gabide's ghost, adept HuMo
Elf:1 Asterion


Innate Abilities, Weirdness & Mutations

You are amphibious.
You cover ground slowly.
You can hop long distances.
You have an extended range of vision and can be seen from far away.


Message History

The deep elf pyromancer casts a spell at you.
The bolt of fire hits you but does no damage.
The deep elf archer seems to regain its courage.
Things that are here:
a +0 robe; a +0 dagger Your +2 double sword of electrocution stops crackling.
Reactivating autopickup.
You feel a sense of dread.
X - the +10 rapier of Chagrin (weapon)
{vamp, rF+ SInv} The deep elf archer seems to regain its courage.
The deep elf knight points at you and mumbles some strange words.
You block the shard of ice.
The deep elf archer shoots an arrow.
You block the arrow.
The deep elf knight casts a spell at you.
The shard of ice hits you!
* * * LOW HITPOINT WARNING * * *
Okay, then.
You block the deep elf knight's attack.
The deep elf archer shoots an arrow.
You block the arrow.
The deep elf knight hits you but does no damage.
The deep elf archer shoots an arrow.
The arrow closely misses you. You block the deep elf knight's attack.
The deep elf knight casts a spell at you.
The lance of force misses you.
The deep elf archer shoots an arrow.
You block the arrow.
The deep elf knight gestures at you while chanting.
The lance of force hits you!
* * * LOW HITPOINT WARNING * * *
You are knocked back by the lance of force.
You slam into the translucent rock wall!
The deep elf archer shoots an arrow.
The arrow hits you!
* * * LOW HITPOINT WARNING * * *
The deep elf archer gestures at you while chanting.
You easily resist.
Blink to where?
Press: ? - help, Dir - move target, p - deep elf knight
As you read the scroll of blinking, it crumbles to dust.
The deep elf knight gestures at you while chanting.
The shard of ice hits you!!!
You die...

#.# ##.....## #...# #..
##.###.>.....## ##...## #..
##.###.........####....>#######..
#....+.........+..............)..
..####......)..###.......#####...
.## ##.......## #.......# ##.. ##
##.....############### #.. #
##...###)..#........# #.. .#
##'## #)@.#......⌠.# #.. #.# #.#
#.).#........# ##. .# #.#
#...##..##...# ##.. #.# ##.##
#...#....#...###... .#
##...###.[.#....#...##.... #
#.....##.e§#o...#...##..)) #
##...###.[.#[...#...##.))) #####
##.## #...#..o.#...#))..)
....######.####..[##e.##...#.##..


You could see a deep elf archer (repels missiles), a deep elf knight (fast,
invisible) and 2 orc priests.

Vanquished Creatures
  Kirke (D:14)
  A thorn hunter (Lair:2)
  A deep elf elementalist (Elf:1)
  4 eleionomae
  2 deep elf demonologists (Elf:1)
  6 bunyips
  A deep elf high priest (Elf:1)
  A shambling mangrove (Swamp:2)
  7 boulder beetles
  17 hydras
  Harold (Lair:1)
  A ghost crab (Swamp:1)
  An ogre mage (D:14)
  A catoblepas (Lair:4)
  9 two-headed ogres
  7 centaur warriors
  11 alligators
  5 tengu warriors
  Urug (Lair:2)
  5 dancing weapons (Elf:1)
  2 orc high priests (Orc:2)
  Sonja (Lair:3)
  4 deep elf knights (Elf:1)
  9 spriggans
  A fire crab (shapeshifter) (D:15)
  5 goliath frogs
  A sea snake (D:11)
  2 spriggan druids
  9 swamp dragons
  A lindwurm (Swamp:4)
  3 bog bodies
  A necromancer (D:15)
  5 orc knights
  4 wizards (D:15)
  4 deep elf archers (Elf:1)
  8 orc sorcerers
  9 deep elf pyromancers
  4 deep elf zephyrmancers
  16 ugly things
  6 will-o-the-wisps
  4 cyclopes
  4 manticores
  An oklob plant (Lair:3)
  8 black mambas
  13 elephants
  A moth of wrath (shapeshifter) (Elf:1)
  2 gargoyles (D:10)
  26 cane toads
  A naga mage (D:15)
  5 unseen horrors
  2 rime drakes
  4 komodo dragons
  6 tengu conjurers
  4 kobold demonologists
  4 yaktaurs
  An efreet (D:13)
  2 polar bears (Lair:6)
  A harpy zombie (D:15)
  A polar bear (shapeshifter) (D:13)
  8 hornets
  6 trolls
  3 meliai (D:13)
  37 blink frogs
  11 tyrant leeches
  25 slime creatures
  2 air elementals (Elf:1)
  A centaur simulacrum (D:15)
  2 shadows
  69 yaks
  A vampire (D:13)
  2 water elementals (Elf:1)
  4 wyverns
  2 wraiths
  Eustachio (D:5)
  4 fire bats (D:11)
  2 steam dragons
  5 basilisks
  18 vampire mosquitoes
  2 wargs
  11 swamp worms
  3 acid dragons
  15 water moccasins
  Duvessa (D:7)
  3 hell hounds
  23 orc warriors
  2 black bears
  2 hornet zombies (D:8)
  4 sky beasts
  9 wolves
  A necrophage (D:6)
  8 ogres
  13 centaurs
  4 kobold brigands
  2 phantoms
  14 bullfrogs
  2 gnoll sergeants
  An earth elemental (Elf:1)
  A scorpion (Lair:2)
  A water moccasin zombie (D:7)
  A water moccasin skeleton (D:6)
  Dowan (D:7)
  5 killer bees
  13 wights
  3 electric eels
  2 howler monkeys
  4 centaur zombies
  4 bullfrog zombies
  2 lava snakes (D:11)
  A jelly (D:7)
  3 hounds
  2 centaur skeletons
  17 orc priests
  2 human zombies (Ossuary)
  A bullfrog skeleton (D:5)
  A gnoll shaman (D:5)
  16 orc wizards
  An iguana (D:5)
  A killer bee zombie (D:8)
  2 hound skeletons (D:4)
  2 mummies (Ossuary)
  14 gnolls
  A howler monkey skeleton (D:6)
  6 adders
  A shadow imp (D:5)
  2 ufetubi
  4 adder zombies (Ossuary)
  A worm (D:3)
  2 adder skeletons (D:4)
  2 dart slugs
  56 orcs
  9 endoplasms
  2 giant cockroaches (D:3)
  4 goblins
  8 hobgoblins
  5 jackals (D:2)
  27 kobolds
  4 quokkas
  6 ball pythons
  3 bats
  2 frilled lizards
  9 hobgoblin zombies (Ossuary)
  A jackal skeleton (D:3)
  2 jackal zombies (Ossuary)
  11 kobold zombies (Ossuary)
  7 orc zombies (Ossuary)
  A quokka skeleton (D:4)
  6 rats
  A rat zombie (Ossuary)
  3 fire vortices (D:11)
877 creatures vanquished.

Vanquished Creatures (collateral kills)
  A thorn hunter (Swamp:4)
  An orc warlord (Orc:2)
  A bunyip (Swamp:4)
  6 hydras (Swamp:4)
  An orc high priest (Orc:2)
  A spriggan druid (Swamp:4)
  2 bog bodies (Swamp:4)
  4 swamp dragons (Swamp:4)
  2 orc knights (Orc:2)
  2 lindwurms (Swamp:4)
  A will-o-the-wisp (Swamp:4)
  An orc sorcerer (Orc:2)
  An elephant (Lair:3)
  A komodo dragon (Lair:3)
  A troll (Orc:2)
  A tyrant leech (Swamp:4)
  A hornet (Swamp:4)
  A blink frog (Lair:3)
  A yak (Lair:3)
  2 vampire mosquitoes (Swamp:4)
  3 swamp worms (Swamp:4)
  3 wargs (Orc:2)
  8 orc warriors (Orc:2)
  3 swamp drakes (Swamp:4)
  An ogre (Orc:2)
  A bullfrog (Lair:3)
  An orc priest (Orc:2)
  3 orc wizards (Orc:2)
  5 orcs (Orc:2)
60 creatures vanquished.

Vanquished Creatures (others)
  A bog body (Swamp:1)
  A bloated husk (Swamp:1)
  An electric eel (Lair:4)
  4 orcs (Elf:1)
  39 foxfires
  23 fungi
  123 plants
192 creatures vanquished.

Grand Total: 1129 creatures vanquished

Notes
Turn   | Place    | Note
-------+----------+-------------------------------------------
     0 | D:5      | Gabide the Barachi Delver began the quest for the Orb.
     0 | D:5      | Reached XP level 1. HP: 18/18 MP: 1/1
     0 | D:5      | Noticed a sky beast
     1 | D:5      | Noticed a gnoll shaman
   124 | D:5      | Reached XP level 2. HP: 10/25 MP: 2/2
   394 | D:5      | Found Doemiph's General Store.
   427 | D:5      | Found Diwuyk's Jewellery Shop.
   500 | D:5      | Found Kotwa's Jewellery Emporium.
   527 | D:5      | Reached skill level 1 in Armour
   527 | D:5      | Reached XP level 3. HP: 17/30 MP: 3/3
   673 | D:4      | Reached XP level 4. HP: 32/37 MP: 4/4
   695 | D:4      | Found a staircase to the Ecumenical Temple.
   709 | D:4      | Noticed Eustachio
  1336 | D:4      | Reached XP level 5. HP: 32/42 MP: 5/5
  1449 | Temple   | Entered the Ecumenical Temple
  1570 | Temple   | Became a worshipper of Sif Muna the Loreminder
  1796 | D:3      | Reached skill level 5 in Long Blades
  2112 | D:3      | Found Xeabb's General Store.
  2120 | D:3      | Bought a scroll of identify for 20 gold pieces
  2537 | D:2      | Reached * piety under Sif Muna
  2851 | D:2      | Reached XP level 6. HP: 48/48 MP: 6/6
  4310 | D:4      | Reached skill level 5 in Armour
  4570 | D:3      | Bought a +1 chain mail of poison resistance for 135 gold
                  | pieces
  4926 | D:5      | Killed Eustachio
  4927 | D:5      | Reached XP level 7. HP: 49/54 MP: 7/7
  5283 | D:5      | Found an iron altar of Okawaru.
  5292 | D:5      | Reached ** piety under Sif Muna
  5509 | D:6      | Found a snail-covered altar of Cheibriados.
  5509 | D:6      | Found a sand-covered staircase.
  5509 | D:6      | Found a basalt altar of Yredelemnul.
  5515 | Ossuary  | Entered an ossuary
  5842 | Ossuary  | Reached *** piety under Sif Muna
  5843 | Ossuary  | Reached XP level 8. HP: 57/60 MP: 8/8
  6303 | D:6      | Reached skill level 10 in Long Blades
  6821 | D:6      | Found Honovear's Lightly-Used Armoury.
  6830 | D:6      | Bought a -2 double sword for 60 gold pieces
  6832 | D:6      | Found a radiant altar of Vehumet.
  6884 | D:6      | Reached XP level 9. HP: 47/65 MP: 9/9
  7096 | D:6      | Found a white marble altar of Elyvilon.
  7206 | D:6      | Found a large runed translucent door.
  7209 | D:6      | Found a large runed translucent door.
  7231 | D:6      | Found a shimmering altar of Xom.
  7239 | D:6      | Identified the +1 scale mail "Suuthruax" {Stlth+}
  7451 | D:6      | Identified the +6 rapier of Gozag's Felicitations {chaos,
                  | Will+}
  7867 | D:7      | Noticed Duvessa
  7868 | D:7      | Noticed Dowan
  7885 | D:7      | Killed Duvessa
  7892 | D:7      | Killed Dowan
  7947 | D:7      | Killed an unseen horror
  8293 | D:7      | Reached **** piety under Sif Muna
  8456 | D:7      | Found a runed translucent gate.
  8456 | D:7      | Found a runed translucent gate.
  8456 | D:7      | Found a runed translucent gate.
  8458 | D:7      | Noticed Sobaton's ghost (novice MiFi)
  8719 | D:7      | Found a shimmering altar of Xom.
  8899 | D:7      | Identified the +1 robe of Broken Taboos {Contam rN+ Slay+3}
  9392 | D:8      | Reached XP level 10. HP: 37/67 MP: 10/10
  9716 | D:8      | Reached skill level 15 in Long Blades
  9930 | D:8      | Found a stormy altar of Qazlal.
  9973 | D:8      | Found a staircase to the Lair.
 10198 | D:9      | Noticed a kobold demonologist
 10198 | D:9      | Noticed a kobold demonologist
 10205 | D:9      | Killed a kobold demonologist
 10210 | D:9      | Killed a kobold demonologist
 11057 | D:9      | Reached skill level 1 in Shields
 11213 | D:9      | Reached ***** piety under Sif Muna
 11634 | D:9      | Found a staircase to the Orcish Mines.
 11642 | D:10     | Entered Level 10 of the Dungeon
 11642 | D:10     | Noticed a gargoyle
 11906 | D:8      | Received a gift from Sif Muna
 11907 | D:8      | Got Sif Muna's Papyrus of Unholy Arts and Companions {god
                  | gift}
 12957 | D:10     | Reached skill level 5 in Shields
 13059 | D:10     | Noticed a gargoyle
 13071 | D:10     | Killed a gargoyle
 13072 | D:10     | Reached XP level 11. HP: 36/77 MP: 11/11
 13314 | D:10     | Noticed Snorg
 13319 | D:10     | Noticed Snorg
 13319 | D:10     | Snorg changed into Snorg the warg
 13326 | D:10     | Killed Snorg the warg
 13984 | D:10     | Found an ornate altar of the Wu Jian Council.
 14195 | D:10     | Found a portal to a secret trove of treasure.
 15522 | D:11     | Noticed a manticore
 15535 | D:11     | Killed a manticore
 15536 | D:11     | Reached skill level 10 in Armour
 16107 | D:11     | Reached skill level 10 in Shields
 16117 | D:11     | Identified the +12 hunting sling "Rouvvyge" {freeze, rF+
                  | Str+4}
 16180 | D:11     | Noticed a sun demon
 16181 | D:11     | Reached skill level 5 in Fighting
 16320 | D:11     | Reached XP level 12. HP: 73/88 MP: 12/12
 17205 | D:12     | Noticed a boulder beetle
 17205 | D:12     | Noticed a boulder beetle
 17206 | D:12     | a boulder beetle changed into a sea snake
 17632 | D:12     | Noticed a boulder beetle
 18436 | D:11     | Killed a boulder beetle
 18613 | D:12     | Noticed a seven-headed hydra
 18614 | D:12     | Noticed a boulder beetle
 18774 | D:12     | Noticed an eight-headed hydra
 19298 | D:11     | Killed an eight-headed hydra
 19299 | D:11     | Reached skill level 10 in Fighting
 19579 | D:12     | Reached skill level 1 in Invocations
 19692 | D:12     | Killed a seven-headed hydra
 21034 | D:11     | Killed a boulder beetle
 21228 | D:11     | Reached skill level 5 in Invocations
 21698 | D:12     | Killed a boulder beetle
 21982 | D:12     | Gained mutation: You can hop long distances. [Barachi
                  | growth]
 21982 | D:12     | Reached XP level 13. HP: 88/103 MP: 18/18
 22097 | D:12     | Found Gehifiots's Antique Armour Boutique.
 24189 | D:13     | Found a gate to the Vaults.
 24571 | Lair:1   | Entered Level 1 of the Lair of Beasts
 24864 | Lair:1   | Reached skill level 10 in Invocations
 25265 | Lair:1   | Got Vulewk's Volume of Unstable Venom
 25677 | Lair:2   | Noticed Urug
 25691 | Lair:2   | Killed Urug
 25748 | Lair:2   | Noticed Harold
 25771 | Lair:1   | Killed Harold
 26760 | Lair:2   | Found a staircase to the Snake Pit.
 27099 | Lair:2   | Reached XP level 14. HP: 88/110 MP: 23/23
 27227 | Lair:2   | Found a staircase to the Swamp.
 29561 | Lair:3   | You fall into a shaft and drop 3 floors!
 29561 | Lair:6   | Entered Level 6 of the Lair of Beasts
 31215 | Lair:4   | Noticed Sonja
 32661 | Lair:3   | Killed Sonja
 32671 | Lair:3   | HP: 3/110 [blink frog (11)]
 33924 | Lair:4   | Noticed Gabide's ghost (adept HuMo)
 33929 | Lair:4   | Found a runed translucent gate.
 33969 | Lair:4   | Found a runed translucent gate.
 33969 | Lair:4   | Found a runed translucent gate.
 34084 | Lair:4   | Found the +5 robe of Misfortune {Harm *Corrode *Slow EV+5}
 34985 | Lair:5   | Reached skill level 5 in Dodging
 35597 | Lair:5   | Reached XP level 15. HP: 105/117 MP: 25/25
 37265 | Lair:6   | Found a staircase to the Slime Pits.
 37921 | Orc:1    | Entered Level 1 of the Orcish Mines
 37999 | Orc:1    | Received a gift from Sif Muna
 38247 | Orc:2    | Entered Level 2 of the Orcish Mines
 38395 | Orc:2    | Found a staircase to the Elven Halls.
 38427 | Orc:2    | Found a dark tunnel.
 39429 | Orc:2    | Noticed an orc warlord
 39490 | Orc:2    | Killed an orc warlord
 40506 | Orc:2    | Found Ephuvi's Self-Improvement Boutique.
 40591 | Orc:2    | Found Wesch's Weapon Emporium.
 40731 | Orc:2    | Found Emerchei's Antique Armour Shop.
 40732 | Orc:2    | Found Tuing's Antique Weapon Boutique.
 40735 | Orc:2    | Found Gygery's General Store.
 40735 | Orc:2    | Found Feckuluffo's Book Shop.
 40998 | Orc:2    | Bought a manual of Shields for 1280 gold pieces
 41088 | Orc:2    | Bought a runed demon blade for 504 gold pieces
 41710 | Orc:2    | Bought a potion of heal wounds for 70 gold pieces
 41710 | Orc:2    | Bought a potion of curing for 42 gold pieces
 42612 | D:14     | Identified the +10 rapier of Chagrin {vamp, rF+ SInv}
 42738 | D:14     | Found an ornate altar of the Wu Jian Council.
 42984 | D:14     | Reached XP level 16. HP: 109/127 MP: 26/26
 43247 | D:14     | Received a gift from Sif Muna
 43248 | D:14     | Reached skill level 15 in Shields
 43282 | D:14     | Got Sif Muna's Introduction to the Arcane Arts {god gift}
 43508 | D:15     | Entered Level 15 of the Dungeon
 43508 | D:15     | Noticed Kirke
 43526 | D:14     | Noticed a sphinx
 43529 | D:14     | Killed Kirke
 46316 | D:15     | Reached skill level 1 in Spellcasting
 46381 | D:15     | Found a staircase to the Depths.
 47130 | Swamp:1  | Entered Level 1 of the Swamp
 47324 | Swamp:1  | Noticed a thorn hunter
 47383 | Lair:2   | Reached skill level 5 in Spellcasting
 47692 | Lair:2   | Killed a thorn hunter
 48145 | Swamp:1  | Identified the ring of Sovereignty {rF+ Str+2}
 48925 | Swamp:2  | Reached XP level 17. HP: 112/133 MP: 28/28
 49998 | Swamp:2  | Identified a scroll of acquirement
 50001 | Swamp:2  | Acquired 1005 gold pieces
 50356 | Orc:2    | Bought a shiny plate armour for 858 gold pieces
 51302 | Swamp:2  | Identified the +1 scale mail "Vuoshrese" {Drain rCorr
                  | Int+5}
 51573 | Swamp:2  | Received a gift from Sif Muna
 51578 | Swamp:2  | Reached skill level 10 in Spellcasting
 51578 | Swamp:2  | Got Sif Muna's Grimoire of Orientation {god gift}
 52613 | Swamp:3  | Reached XP level 18. HP: 142/142 MP: 32/32
 52886 | Swamp:4  | Entered Level 4 of the Swamp
 53403 | Swamp:4  | Got a decaying rune of Zot
 54247 | Elf:1    | Entered Level 1 of the Elven Halls
 55619 | Elf:1    | Reached XP level 19. HP: 142/153 MP: 33/33
 55649 | Elf:1    | Noticed Asterion
 56119 | Elf:1    | Paralysed by an air elemental for 1 turns
 56121 | Elf:1    | Paralysed by an air elemental for 1 turns
 56126 | Elf:1    | Paralysed by an air elemental for 1 turns
 56132 | Elf:1    | Paralysed by an air elemental for 1 turns
 56172 | Elf:1    | Killed from afar by a deep elf knight

Illustrated notes

Levels and vault maps discovered:
D:1:      dpeg_arrival_triangle_fractal, layout_rooms
D:2:      layout_basic, dk_noncrumbling_3, nicolae_figureground_sparkle
D:3:      layout_basic, serial_shops, shop
D:4:      layout_basic, minmay_temple_entry_stoned_glass, uniq_eustachio
D:5:      layout_rooms, kennysheep_mini, serial_shops, nicolae_square_shop,
          nicolae_take_the_stairs, nicolae_shop_hallway_plus
D:6:      due_chaos_kobolds, layout_cave_pools,
          mainiacjoe_overflow_small_starburst, mainiacjoe_overflow_alcove_2,
          chequers_temple_overflow_statue_of_worship, enter_ossuary_1,
          grunt_decor_one_mirror, minmay_shop_damaged
D:7:      layout_basic, xom_teletrap_fun, ebering_ghost_rock_garden,
          amcnicky_mini_pool_medium, uniq_duvessa
D:8:      layout_loops_cross, grunt_qazlal_sundering, lair_entry_dummy
D:9:      layout_roguey, orc_0_dummy
D:10:     layout_roguey, mainiacjoe_overflow_concentric_impassable,
          nicolae_trove_entry_crystal, kennysheep_path_1,
          hangedman_decor_riveting, st_stairs_11, uniq_snorg
D:11:     layout_irregular_city, grunt_ministairs_15, hangedman_incinerator
D:12:     layout_loops_cross, serial_shops, shop_fountains, minivault_26,
          minivault_28
D:13:     layout_loops_corners, david_vaults_1, gauntlet_entry_generic,
          chequers_serial_rivers_micro_b
D:14:     layout_loops_ring, nicolae_wu_jian_immortal_techniques,
          minmay_orc_keep
D:15:     grunt_enter_depths_magical_seal, layout_basic, uniq_kirke
Temple:   jpeg_temple_clearing
Lair:1:   layout_misc_corridors
Lair:2:   layout_cellular_growth, swamp_mist, minmay_snake_entry_six_corridors,
          nzn_random_ring, grunt_megastairs_3, infiniplex_staircase_pool_2,
          uniq_harold, uniq_urug
Lair:3:   minmay_lair_oklob_tunnel, layout_hall_layers, grunt_megastairs_5
Lair:4:   layout_regular_city, gammafunk_ghost_split, disabler_island,
          uniq_sonja
Lair:5:   layout_cave_shapes
Lair:6:   minmay_lair_end_frog_pond, layout_big_grid, slime_dummy,
          portal_ice_cave_entry_pillars_2
Swamp:1:  layout_falls_marsh, evilmike_swamp_ruin_rubble_2,
          nicolae_swamp_very_dense_foliage
Swamp:2:  layout_basic_swamp, nicolae_swamp_round_clearing,
          nicolae_swamp_little_swirl
Swamp:3:  layout_basic_swamp, serial_swamp_ruin, evilmike_swamp_ruin_house_3,
          evilmike_swamp_ruin_rubble_1, swamp_pool1,
          nicolae_swamp_well_well_well, infiniplex_staircase_pool
Swamp:4:  swamp_alternative, layout_basic_swamp, swamp_pool1
Orc:1:    layout_caves
Orc:2:    st_orc_congregation, layout_diamond_mine, serial_shops, shop,
          enter_volcano_3, nicolae_shop_self_help
Elf:1:    nicolae_elf_arrival_no_cutting_in_line, layout_loops_corners,
          orc_legates, guppyfry_library_mini, uniq_asterion

Skill      XL: |  1  2  3  4  5  6  7  8  9 10 11 12 13 14 15 16 17 18 |
---------------+-------------------------------------------------------+-----
Fighting       | 4 6 10 11 12 14 | 14.5
Long Blades    | 3 4 5 7 9 11 14 16 17 18 | 18.7
Armour         | 1 2 3 5 7 8 10 11 12 14 | 14.5
Dodging        | 3 5 7 |  7.0
Shields        | 5 10 14 18 | 18.0
Invocations    | 7 12 14 | 14.5
Spellcasting   | 7 10 | 10.0
Stealth        | |  4.5

Action                   |  1- 3 |  4- 6 |  7- 9 | 10-12 | 13-15 | 16-18 | 19-21 || total
-------------------------+-------+-------+-------+-------+-------+-------+-------++-------
Melee: Falchion          |    41 |   186 |   235 |       |    63 |       |       ||   525
       Punch             |     1 |     2 |     3 |     7 |       |       |       ||    13
       Rapier            |       |       |    74 |    47 |    61 |   152 |    28 ||   362
       Scimitar          |       |       |    41 |   699 |   692 |    45 |       ||  1477
       Double sword      |       |       |       |       |   538 |   725 |    11 ||  1274
       Demon blade       |       |       |       |       |   161 |       |       ||   161
Throw: Dart              |       |     6 |    61 |    55 |       |     3 |       ||   125
       Throwing net      |       |       |     2 |       |     2 |       |       ||     4
       Javelin           |       |       |       |       |    15 |    37 |     1 ||    53
 Cast: Dragon's Call     |       |       |       |       |     3 |     1 |       ||     4
       Ignition          |       |       |       |       |       |     1 |     1 ||     2
Invok: Divine Exegesis   |       |       |       |       |     3 |     2 |     1 ||     6
 Abil: Hop               |       |       |     2 |     7 |    14 |     2 |     2 ||    27
Evoke: Wand              |     1 |       |    16 |    22 |    20 |     1 |     2 ||    62
       Condenser vane    |       |       |       |       |       |       |     1 ||     1
  Use: Potion            |     1 |     1 |     3 |     5 |     8 |     4 |     2 ||    24
       Scroll            |     1 |    12 |     6 |    11 |    17 |     4 |     5 ||    56
 Stab: Sleeping          |     2 |     6 |       |       |       |       |       ||     8
       Distracted        |       |       |       |     1 |     1 |     2 |       ||     4
       Held in net/web   |       |       |       |       |     1 |       |       ||     1
Armor: Leather armour    |    16 |     9 |       |       |       |       |       ||    25
       Ring mail         |       |    11 |       |       |       |       |       ||    11
       Scale mail        |       |    31 |       |       |       |       |       ||    31
       Chain mail        |       |    16 |   209 |   399 |   686 |   312 |       ||  1622
       Skin              |       |       |    15 |       |       |       |       ||    15
       Plate armour      |       |       |       |       |       |   164 |    36 ||   200
Dodge: Dodged            |    37 |    96 |   132 |   185 |   264 |   339 |    33 ||  1086
Block: Tower shield      |       |       |       |   538 |  1270 |  1097 |    78 ||  2983
